 Dungeon Crawl Stone Soup version 0.17.1-3-g152610e (webtiles) character file.

13 GFox the Skirmisher (level 2, -3/31 HPs)
             Began as a Demonspawn Berserker on Mar 20, 2016.
             Was a Follower of Trog.
             Slain by Robin
             ... wielding a cursed -1 spear
              (4 damage)
             ... on level 2 of the Dungeon.
             The game lasted 00:06:31 (839 turns).

GFox the Skirmisher (Demonspawn Berserker)           Turns: 839, Time: 00:06:31

Health: -3/31      AC:  3    Str: 24      XL:     2   Next: 24%
Magic:  2/2        EV: 12    Int:  8      God:    Trog [*.....]
Gold:   54         SH:  0    Dex: 10 (14) Spells: 0 memorised, 1 level left

rFire  . . .     SeeInvis .     a - +0 hand axe
rCold  . . .     Rnd*Rage +     i - +0 leather armour
rNeg   . . .     SustAt   .     (no shield)
rPois  .         Gourm    .     (no helmet)
rElec  .         Spirit   .     (no cloak)
rCorr  .         Warding  .     (no gloves)
rMut   .         Stasis   .     (no boots)
MR     .....                    (no amulet)
Stlth  ..........               (no ring)
                                (no ring)

@: berserking, very quick, not resistant to hostile enchantments, extremely
unstealthy
A: talons 1, agile 1, berserk 1, frail 1, powered by pain 1, strong 1, subdued
magic 1
a: Berserk, Burn Spellbooks, Renounce Religion


You were on level 2 of the Dungeon.
You worshipped Trog.
Trog was aware of your devotion.
You were not hungry.

You visited 1 branch of the dungeon, and saw 2 of its levels.

You collected 54 gold pieces.

Inventory:

Hand Weapons
 a - a +0 hand axe (weapon)
Armour
 i - a +0 leather armour (worn)
Scrolls
 d - 2 scrolls of remove curse
Comestibles
 b - a beef jerky
 c - a bread ration
 g - 4 fruits


   Skills:
 + Level 3.3 Fighting
 + Level 2.9 Axes
 + Level 1.8 Armour
 + Level 2.0 Dodging


You had one spell level left.
You didn't know any spells.

Dungeon Overview and Level Annotations

Branches:
Dungeon (2/15)

Altars:

Annotations:
D:2 Robin


Innate Abilities, Weirdness & Mutations

You sometimes gain a little power by taking damage.
You have sharp toenails.
You are agile. (Dex +2)
You tend to lose your temper in combat.
You are frail (-10% HP).
Your muscles are strong. (Str +2)
Your spells are a little easier to cast, but a little less powerful.


Message History

You barely miss the hobgoblin. You claw the hobgoblin.
The hobgoblin is heavily wounded.
Robin roars a battlecry!
Robin misses you.
The hobgoblin hits you but does no damage.
You closely miss the hobgoblin.
The hobgoblin is heavily wounded.
Robin barely misses you. The hobgoblin hits you with a club.
* * * LOW HITPOINT WARNING * * *
Robin roars a battlecry!
The hobgoblin goes into a battle-frenzy!
A red film seems to cover your vision as you go berserk!
You feel yourself moving faster!
You feel mighty!
You feel somewhat more hungry.
You hit the hobgoblin.
You kill the hobgoblin!
Trog accepts your kill.
Robin says, "A pitiful Demonspawn like you will never find the ORB!"
Robin hits you from afar with an enchanted spear.
You die...

##.##.###....
#........#
####.###.# ###
#.###.###
[.####........
#.##.......###
#.##.#####.#
#####.##.#####.#
#.g.gg)@........
#)###.##.#####.#
#.# #.##.#


ggg ..##.. ##.######### #.# #.# #.# #.# You could see Robin, a hobgoblin
(frenzied) and a goblin.

Vanquished Creatures
  A giant gecko (D:1)
  A giant cockroach (D:2)
  3 hobgoblins
  A kobold (D:1)
  3 goblins
  A rat (D:1)
10 creatures vanquished.

Notes
Turn   | Place    | Note
--------------------------------------------------------------
     0 | D:1      | GFox the Demonspawn Berserker began the quest for the Orb.
     0 | D:1      | Reached XP level 1. HP: 18/18 MP: 1/1
     0 | D:1      | Noticed a merfolk skeleton
     1 | D:1      | Noticed a merfolk skeleton
     2 | D:1      | Noticed a vine stalker skeleton
     3 | D:1      | Noticed a minotaur skeleton
     6 | D:1      | Noticed a troll skeleton
     7 | D:1      | Noticed a troll skeleton
     8 | D:1      | Noticed a centaur skeleton
    12 | D:1      | Noticed a merfolk skeleton
    12 | D:1      | Noticed a centaur skeleton
    14 | D:1      | Noticed a spriggan skeleton
    16 | D:1      | Noticed a human skeleton
    16 | D:1      | Noticed a spriggan skeleton
    16 | D:1      | Noticed an elf skeleton
    18 | D:1      | Noticed a troll skeleton
    23 | D:1      | Noticed a troll skeleton
   159 | D:1      | Gained mutation: Your muscles are strong. (Str +2) [potion of mutation]
   159 | D:1      | Gained mutation: You tend to lose your temper in combat. [potion of mutation]
   776 | D:2      | Gained mutation: You are agile. (Dex +2) [potion of mutation]
   776 | D:2      | Gained mutation: You are frail (-10% HP). [potion of mutation]
   777 | D:2      | Gained mutation: Your spells are a little easier to cast, but a little less powerful. [potion of mutation]
   777 | D:2      | Gained mutation: You have sharp toenails. [potion of mutation]
   807 | D:2      | Gained mutation: You sometimes gain a little power by taking damage. [demonic ancestry]
   807 | D:2      | Reached XP level 2. HP: 21/21 MP: 2/2
   825 | D:2      | Noticed Robin
   832 | D:2      | HP: 1/21 [hobgoblin/club[Robin] (3)]
   839 | D:2      | Slain by Robin

Action                   || total
-------------------------++-------
Melee: Hand axe          ||    32
Invok: Berserk           ||     1
  Use: Potion            ||     4
       Scroll            ||     1
